 Dungeon Crawl Stone Soup version 0.18-a0-33-g9e10395 (webtiles) character file.

150 Duffy the Vexing (level 5, -2/35 HPs)
             Began as a Formicid Enchanter on Nov 5, 2015.
             Was an Initiate of Ashenzari.
             Slain by an elf zombie (3 damage)
             ... in an ossuary.
             The game lasted 00:06:37 (4328 turns).

Duffy the Vexing (Formicid Enchanter)               Turns: 4328, Time: 00:06:37

Health: -2/35      AC:  8    Str: 12    XL:     5   Next: 58%
Magic:  9/18       EV: 11    Int: 15    God:    Ashenzari [......]
Gold:   116        SH:  0    Dex: 12    Spells: 4 memorised, 1 level left

rFire  . . .     SeeInvis +     w - +0 flail (protect)
rCold  . . .     Clarity  .     p - +0 leather armour
rNeg   . . .     SustAt   .     (no shield)
rPois  .         Gourm    .     (helmet unavailable)
rElec  .         Spirit   .     (no cloak)
rCorr  .         Warding  .     (no gloves)
rMut   .         Stasis   +     (no boots)
MR     .....                    (no amulet)
Stlth  ++........               (no ring)
                                u - ring of magical power

@: not resistant to hostile enchantments, unstealthy
A: permanent stasis, dig shafts and tunnels, four strong arms, antennae 3
a: Dig, Shaft Self, Renounce Religion


You were in an ossuary.
You worshipped Ashenzari.
Ashenzari was noncommittal.
You were not hungry.

You visited 1 branch of the dungeon, and saw 4 of its levels.
You also visited: Ossuary.

You collected 116 gold pieces.


Innate Abilities, Weirdness & Mutations

You are under a permanent stasis effect.
You can dig through walls and to a lower floor.
Your four strong arms can wield two-handed weapons with a shield.
You have a pair of large antennae on your head (SInv).


   Skills:
 + Level 3.3 Short Blades
 - Level 1.7 Dodging
 + Level 4.0 Stealth
 - Level 3.0 Spellcasting
 * Level 4.8 Hexes


You had one spell level left.
You knew the following spells:

 Your Spells              Type           Power        Failure   Level  Hunger
a - Ensorcelled Hibernat  Hex/Ice        #.....       17%         2    ##.....
c - Confuse               Hex            ###.....     12%         3    ###....
r - Corona                Hex            ###....      3%          1    #......
t - Tukima's Dance        Hex            ###.....     12%         3    ###....

Inventory:

Hand Weapons
 a - a +1 dagger
 q - a +0 dagger of flaming
 r - a +0 trident of venom
 w - a +0 flail of protection (weapon)
Missiles
 f - 83 stones (quivered)
Armour
 b - a +1 robe
 p - a +0 leather armour (worn)
Jewellery
 l - an uncursed ring of flight
 u - a ring of magical power (left hand)
Scrolls
 g - a scroll of recharging {unknown}
 i - 2 scrolls of identify {unknown}
 j - 2 scrolls of fear {unknown}
 o - a scroll of enchant armour {unknown}
 t - a scroll of fog {unknown}
 v - 3 scrolls of teleportation {unknown}
Potions
 e - a potion of might {unknown}
 h - a potion of flight {unknown}
 k - a potion of lignification {unknown}
 n - 3 potions of curing {unknown}
 s - a potion of degeneration {unknown}
 x - a potion of resistance {unknown}
 z - a potion of haste {unknown}
Books
 c - a book of Maledictions
Comestibles
 d - 5 bread rations
 m - 2 meat rations

Dungeon Overview and Level Annotations

Branches:
Dungeon (4/15)
 Temple: D:4-7

Altars:
Ashenzari
Kikubaaqudgha
Nemelex Xobeh
Ru
Sif Muna
Yredelemnul


Message History

Aim: a centaur zombie (chance to defeat MR: 80%)
The centaur zombie appears confused.
You are near starving!
You hit the centaur zombie.
The centaur zombie hits the goblin zombie.
Something hits the goblin zombie!
The goblin zombie is destroyed!
Eat which item? (? for menu, Esc to quit)
Magic restored.
You continue eating. x2
You finish eating.
That meat ration really hit the spot!
You are too injured to fight recklessly!
You hit the rat zombie. The rat zombie barely misses you.
You hit the rat zombie.
You destroy the rat zombie!
You swing at nothing.
You swing at nothing.
You barely miss the elf zombie.
The elf zombie hits you but does no damage.
Cast which spell? (? or * to list)
Aiming: Confuse
Press: ? - help, Shift-Dir - straight line, f/p - centaur zombie
Aim: a centaur zombie (chance to defeat MR: 80%)
The centaur zombie appears confused.
The elf zombie hits you.
Cast which spell? (? or * to list)
Aiming: Confuse
Press: ? - help, Shift-Dir - straight line, f/p - centaur zombie
Aim: a centaur zombie (confused, chance to defeat MR: 80%)
The centaur zombie appears confused.
The elf zombie hits you.
Cast which spell? (? or * to list)
Aiming: Confuse
Press: ? - help, Shift-Dir - straight line, f/p - centaur zombie
Aim: a centaur zombie (confused, chance to defeat MR: 80%)
The centaur zombie appears confused.
The elf zombie hits you.
You die...

####################
#.........∩∩........
#Z......Z........M..
#...##############..
#..Z#{{{ #{{
#..@#{{{ #.{ #...#


#ZM #...# #.. #...# ....# #{Z #...# {....# #MZ #...# ...{## #.. #...# .... #..
#...# #..# #.. #...# #..# #.Z You could see an elf zombie and a centaur zombie
(confused).

Action                   |  1- 3 |  4- 6 || total
-------------------------+-------+-------++-------
Melee: Dagger            |   120 |    15 ||   135
       Trident           |       |   101 ||   101
       Flail             |       |    81 ||    81
 Cast: Ensorcelled Hiber |     2 |     2 ||     4
       Confuse           |       |     5 ||     5
 Abil: Dig               |     1 |       ||     1
 Stab: Sleeping          |    11 |    12 ||    23
       Confused          |       |     1 ||     1
  Eat: Chunk             |     2 |     8 ||    10
       Meat ration       |       |     1 ||     1

Notes
Turn   | Place    | Note
--------------------------------------------------------------
     0 | D:1      | Duffy the Formicid Enchanter began the quest for the Orb.
     0 | D:1      | Reached XP level 1. HP: 13/13 MP: 3/3
    86 | D:1      | Found a shattered altar of Ashenzari.
   208 | D:1      | Became a worshipper of Ashenzari the Shackled
   369 | D:1      | Reached XP level 2. HP: 11/19 MP: 5/5
   375 | D:1      | Learned a level 2 spell: Ensorcelled Hibernation
   936 | D:1      | Reached skill level 2 in Short Blades
  1099 | D:1      | Reached skill level 4 in Hexes
  1123 | D:1      | Reached XP level 3. HP: 24/24 MP: 6/6
  1128 | D:1      | Learned a level 3 spell: Confuse
  1621 | D:2      | Found a basalt altar of Yredelemnul.
  1677 | D:2      | Reached XP level 4. HP: 16/30 MP: 4/7
  2658 | D:2      | Found a sacrificial altar of Ru.
  2871 | D:3      | Reached skill level 3 in Short Blades
  2933 | D:3      | Found a sparkling altar of Nemelex Xobeh.
  2937 | D:3      | Found an ancient bone altar of Kikubaaqudgha.
  2942 | D:3      | Found a deep blue altar of Sif Muna.
  3136 | D:3      | Reached XP level 5. HP: 33/35 MP: 9/9
  3726 | D:3      | Found a faded altar to an unknown god.
  3860 | D:3      | Reached skill level 3 in Spellcasting
  3896 | D:3      | Learned a level 3 spell: Tukima's Dance
  3899 | D:4      | Noticed a hungry ghost
  3934 | D:4      | Found a sand-covered staircase.
  3963 | Ossuary  | Entered an ossuary
  4280 | Ossuary  | Reached skill level 4 in Stealth
  4328 | Ossuary  | Slain by an elf zombie

Vault maps used:
D:1:      minmay_arrival_widening_spiral_wide, minivault_14,
          nicolae_ashenzari_panopticon
D:2:      lemuel_doored_altar, marbit_many_paths, first_bread,
          lemuel_old_faithful
D:3:      minmay_overflow_temple_star_quad, ecumenical_altar_2
D:4:      gup_ossuary_entry_pyramid, minivault_11
Ossuary:  ossuary_tomb_1

Vanquished Creatures
  A mummy
  3 adders
  2 oozes
  A worm
  3 giant geckos
  An orc
  2 ball pythons
  11 goblins
  6 hobgoblins
  10 jackals
  14 kobolds
  A quokka
  8 bats
  3 giant cockroaches
  A giant gecko skeleton
  A giant newt
  A goblin zombie
  6 hobgoblin zombies
  6 kobold zombies
  8 orc zombies
  11 rats
  2 rat zombies
102 creatures vanquished.
